[Event "Titled Tuesday Blitz May 9 Early 2023"]
[White "Martic, Ivan"]
[Black "Srihari L R"]
[WhiteFideId "929301"]
[BlackFideId "46617116"]
[WhiteElo "2360"]
[BlackElo "2334"]
[Result "0-1"]
[Round "05"]
[TimeControl "180+2"]
[Date "2023.05.09"]
[WhiteClock "0:00:03"]
[BlackClock "0:00:05"]

1. d4 e6 2. e4 d5 3. e5 c5 4. c3 Nc6 5. Nf3 Qb6 6. a3 c4 7. Nbd2 Bd7 8. Rb1 Na5 9. h4 Ne7 10. h5 h6 11. b4 cxb3 12. Nxb3 Ba4 13. Nxa5 Qxa5 14. Qd2 b6 15. Qb2 Rc8 16. Bd2 Rc4 17. Bxc4 dxc4 18. O-O Nd5 19. Rfc1 Bb3 20. Ra1 Ba4 21. Be3 Be7 22. Nd2 Qa6 23. Ne4 O-O 24. Qd2 Kh7 25. Nd6 f5 26. Bf4 b5 27. g3 Qc6 28. Re1 Rb8 29. Rec1 a5 30. Qe2 Bb3 31. Qd2 b4 32. axb4 axb4 33. Ra7 bxc3 34. Rxc3 Nxc3 35. Rxe7 Ne4 36. Nxe4 Qxe4 37. Bxh6 Rg8 38. Qg5 Qg4 39. Qxg4 fxg4 40. Bd2 c3 41. Bxc3 Bd5 42. Bd2 Rb8 43. f4 gxf3 44. h6 Rb1+ 45. Kf2 Rb2 46. Rxg7+ Kh8 47. Ke3 Rb3+ 48. Kf4 f2 49. Kg5 f1=Q 50. Bf4 Rb8 51. Kg6 Qd3+ 52. Kf6 Qf5+ 53. Ke7 Rb7+ 54. Kd6 Rxg7 55. hxg7+ Kxg7 0-1


[Site "https://www.chess.com"]

[Event "Titled Tuesday Blitz May 9 Early 2023"]
[White "Matinian, Nikita"]
[Black "Aakanksha Hagawane"]
[WhiteFideId "24129100"]
[BlackFideId "25014510"]
[WhiteElo "2422"]
[BlackElo "2081"]
[Result "1-0"]
[Round "05"]
[TimeControl "180+2"]
[Date "2023.05.09"]
[WhiteClock "0:00:04"]
[BlackClock "0:00:16"]

1. e4 e5 2. Nf3 Nc6 3. Bb5 a6 4. Ba4 Nf6 5. O-O Nxe4 6. d4 b5 7. Bb3 d5 8. dxe5 Be6 9. Nbd2 Be7 10. Qe2 Nc5 11. c3 Nxb3 12. Nxb3 O-O 13. Rd1 Qc8 14. h3 f6 15. exf6 Bxf6 16. Nc5 Bf5 17. Rxd5 Re8 18. Be3 Ne5 19. Rad1 Bxh3 20. Nxe5 Bxe5 21. R1d2 Bg4 22. Qd3 c6 23. Rxe5 Rxe5 24. Qd6 Qe8 25. b4 Bh5 26. Rd4 Bf7 27. Rf4 Bxa2 28. Bd4 Re1+ 29. Kh2 Qh5+ 30. Kg3 Rae8 31. Rg4 g6 32. Qf6 R1e7 33. Qh8+ 1-0


[Site "https://www.chess.com"]

[Event "Titled Tuesday Blitz May 9 Early 2023"]
[White "Kim, Sergey"]
[Black "Rom, Jasper"]
[WhiteFideId "13700570"]
[BlackFideId "2023733"]
[WhiteElo "2609"]
[BlackElo "2233"]
[Result "0-1"]
[Round "05"]
[TimeControl "180+2"]
[Date "2023.05.09"]
[WhiteClock "0:00:09"]
[BlackClock "0:00:07"]

1. d4 d5 2. c4 e6 3. Nc3 c6 4. e3 Nf6 5. Nf3 Nbd7 6. a3 Bd6 7. Bd3 dxc4 8. Bxc4 O-O 9. O-O Qe7 10. e4 e5 11. Bg5 exd4 12. Qxd4 Ne5 13. Nxe5 Bxe5 14. Qd3 Bxh2+ 15. Kh1 Be5 16. f4 Bxc3 17. Qxc3 h6 18. Bh4 Qxe4 19. Bxf6 gxf6 20. Bd3 Qd5 21. f5 Rd8 22. Rf3 Qe5 23. Qb4 Rd4 24. Qc3 Rh4+ 25. Kg1 Qxc3 26. bxc3 Bd7 27. a4 Rd8 28. a5 Bc8 29. Rb1 Rd5 30. Rb4 Rxb4 31. cxb4 Rd4 32. b5 c5 33. Be2 b6 34. a6 Bd7 35. Kf2 Kf8 36. Ke3 Rb4 37. Rh3 Bxb5 38. Bxb5 Rxb5 39. Rxh6 Rb3+ 40. Kf4 Kg7 41. Rh1 Ra3 42. Rd1 Rxa6 43. Rd7 Ra4+ 44. Kf3 b5 45. Rc7 c4 46. g4 Ra3+ 47. Ke4 Ra1 48. Kf4 Rf1+ 49. Ke4 Re1+ 50. Kf4 Rc1 51. g5 fxg5+ 52. Kxg5 Rg1+ 53. Kf4 a5 54. Ke5 Re1+ 55. Kf4 a4 56. Kg5 Rg1+ 57. Kf4 a3 58. Ke5 Re1+ 59. Kf4 a2 60. Ra7 a1=Q 61. f6+ Qxf6+ 0-1


[Site "https://www.chess.com"]

[Event "Titled Tuesday Blitz May 9 Early 2023"]
[White "Ljukin, Sergei"]
[Black "Rostomyan, Mikayel"]
[WhiteFideId "14102200"]
[BlackFideId "13313754"]
[WhiteElo "2312"]
[BlackElo "2061"]
[Result "1-0"]
[Round "05"]
[TimeControl "180+2"]
[Date "2023.05.09"]
[WhiteClock "0:00:04"]
[BlackClock "0:00:03"]

1. e4 c5 2. Nf3 Nc6 3. d4 cxd4 4. Nxd4 g6 5. c4 Nf6 6. Nc3 Nxd4 7. Qxd4 d6 8. Be3 Bg7 9. f3 O-O 10. Qd2 a5 11. Rc1 a4 12. Be2 Qa5 13. Nd5 Qxd2+ 14. Kxd2 Nxd5 15. cxd5 Bxb2 16. Rc7 Bf6 17. g4 e6 18. Rhc1 exd5 19. exd5 Bd8 20. R7c2 Ba5+ 21. Kd1 a3 22. Bb5 b6 23. Bc6 Rb8 24. Bd2 Bxd2 25. Kxd2 b5 26. Rb1 Ba6 27. Rc3 b4 28. Rcb3 Bc4 29. Rxb4 Rxb4 30. Rxb4 Bxa2 31. Ra4 Rb8 32. Rxa3 Rb2+ 33. Ke3 Rxh2 34. Ra8+ Kg7 35. Rd8 h5 36. gxh5 gxh5 37. Rxd6 h4 38. Kf4 Rg2 39. Bd7 Rd2 40. Kg4 Rd4+ 41. Kh3 Bc4 42. Bg4 Bf1+ 43. Kxh4 f5 44. Kg5 fxg4 45. Rd7+ Kf8 46. fxg4 Ke8 47. Ra7 Rxd5+ 48. Kf6 Rd6+ 49. Kg5 Be2 50. Ra4 Re6 51. Kf5 Re7 52. g5 Bd3+ 53. Kf6 Rf7+ 54. Ke6 Rf3 55. Ra8# 1-0


[Site "https://www.chess.com"]

[Event "Titled Tuesday Blitz May 9 Early 2023"]
[White "Weishaeutel, Moritz"]
[Black "Dinu, Dumitru-Daniel"]
[WhiteFideId "12967300"]
[BlackFideId "1208403"]
[WhiteElo "2301"]
[BlackElo "2240"]
[Result "1-0"]
[Round "05"]
[TimeControl "180+2"]
[Date "2023.05.09"]
[WhiteClock "0:01:24"]
[BlackClock "0:00:02"]

1. e4 c6 2. d3 d5 3. Nd2 dxe4 4. dxe4 e5 5. Ngf3 Bg4 6. Bc4 Nd7 7. h3 Bxf3 8. Qxf3 Ngf6 9. Qb3 Nc5 10. Bxf7+ Ke7 11. Qc4 Qd4 12. O-O Nfxe4 13. Nxe4 Qxc4 14. Bxc4 Nxe4 15. Re1 Nd6 16. Rxe5+ Kd7 17. Be6+ Kc7 18. Bf4 Re8 19. Rd1 Kb6 20. Be3+ Kc7 21. Bf4 Kb6 22. Re3 Nb5 23. a4 Bc5 24. axb5 Bxe3 25. Bxe3+ Kxb5 26. Bg4 c5 27. Bd7+ Kc4 28. Bxe8 1-0


[Site "https://www.chess.com"]

[Event "Titled Tuesday Blitz May 9 Early 2023"]
[White "Liu, Casper"]
[Black "Akash G"]
[WhiteFideId "1454153"]
[BlackFideId "5040299"]
[WhiteElo "2221"]
[BlackElo "2395"]
[Result "1/2-1/2"]
[Round "05"]
[TimeControl "180+2"]
[Date "2023.05.09"]
[WhiteClock "0:00:08"]
[BlackClock "0:00:41"]

1. b3 Nf6 2. Bb2 g6 3. e3 Bg7 4. h4 h5 5. Nf3 d6 6. Ng5 e5 7. d4 exd4 8. Qxd4 Nc6 9. Bb5 O-O 10. Bxc6 bxc6 11. Nc3 c5 12. Qd3 Bb7 13. e4 Re8 14. O-O-O Ng4 15. Rdf1 a5 16. f3 Ba6 17. Qd5 Ne5 18. f4 c6 19. Qd2 Ng4 20. Rd1 Qe7 21. Qxd6 Nf2 22. Qxc6 Nxh1 23. Nd5 Qb7 24. Qxb7 Bxb7 25. Nc7 Bxb2+ 26. Kxb2 Nf2 27. Rd7 Nxe4 28. Nxe8 Bc6 29. Rc7 Nxg5 30. Nf6+ Kg7 31. fxg5 Bxg2 32. Rxc5 Rd8 33. Rxa5 Bh3 34. a4 Bf5 35. Ra7 Rc8 36. c4 Be6 37. a5 Bxc4 38. bxc4 Rxc4 39. Ra8 Rb4+ 40. Ka3 Rb3+ 41. Ka2 Rb2+ 42. Ka1 Rb1+ 43. Ka2 Rb2+ 44. Ka3 Rb3+ 45. Ka4 Rb4+ 46. Ka3 Rb3+ 1/2-1/2


[Site "https://www.chess.com"]

[Event "Titled Tuesday Blitz May 9 Early 2023"]
[White "Sourath Biswas"]
[Black "Mackster23"]
[WhiteFideId "35091484"]
[WhiteElo "2171"]
[BlackElo "2441"]
[Result "1-0"]
[Round "05"]
[TimeControl "180+2"]
[Date "2023.05.09"]
[WhiteClock "0:01:55"]
[BlackClock "0:00:48"]

1. d4 Nf6 2. Bf4 g6 3. Nc3 d5 4. e3 Bg7 5. h4 O-O 6. h5 Nxh5 7. Rxh5 gxh5 8. Qxh5 f5 9. Nf3 e6 10. O-O-O Qe8 11. Qh2 Na6 12. Bxa6 bxa6 13. Rh1 Qg6 14. Ne5 Bxe5 15. Bxe5 c6 16. Ne2 Bd7 17. Nf4 1-0


[Site "https://www.chess.com"]

[Event "Titled Tuesday Blitz May 9 Early 2023"]
[White "Koridze, Lile"]
[Black "brm72"]
[WhiteFideId "13612514"]
[WhiteElo "2047"]
[BlackElo "2589"]
[Result "0-1"]
[Round "05"]
[TimeControl "180+2"]
[Date "2023.05.09"]
[WhiteClock "0:00:17"]
[BlackClock "0:00:26"]

1. d4 Nf6 2. c4 e6 3. Nf3 b6 4. g3 Bb7 5. Bg2 Be7 6. O-O O-O 7. Re1 Ne4 8. Qc2 f5 9. Nc3 Nxc3 10. Qxc3 Bf6 11. e3 d6 12. b3 Nd7 13. Bb2 Nc5 14. Rad1 Ne4 15. Qc2 Qe8 16. Nd2 Qg6 17. Nxe4 Bxe4 18. Qe2 Rae8 19. b4 h5 20. f3 Ba8 21. e4 h4 22. Qf2 hxg3 23. Qxg3 Qh5 24. Bc1 Bh4 25. Qh3 fxe4 26. Rf1 exf3 27. d5 fxg2 28. Rxf8+ Kxf8 29. Rd3 exd5 30. Rf3+ Kg8 31. Qxg2 dxc4 0-1


[Site "https://www.chess.com"]

[Event "Titled Tuesday Blitz May 9 Early 2023"]
[White "Pinto, Daniel"]
[Black "Gontcharov, Vladislav"]
[WhiteFideId "3303144"]
[BlackFideId "4123492"]
[WhiteElo "2145"]
[BlackElo "2420"]
[Result "1/2-1/2"]
[Round "05"]
[TimeControl "180+2"]
[Date "2023.05.09"]
[WhiteClock "0:00:05"]
[BlackClock "0:00:10"]

1. Nf3 Nf6 2. g3 c5 3. Bg2 Nc6 4. O-O e5 5. d3 d5 6. c4 d4 7. e3 Be7 8. exd4 exd4 9. Re1 O-O 10. Bf4 Bd6 11. Bg5 h6 12. Bxf6 Qxf6 13. Nbd2 Qd8 14. a3 a5 15. h3 a4 16. Rb1 Qc7 17. b3 axb3 18. Rxb3 Ra7 19. Nh4 Bd7 20. Qh5 Ne7 21. Ne4 Nc8 22. Nxd6 Nxd6 23. Re5 b6 24. Re7 Qd8 25. Re1 Qf6 26. Nf3 Nc8 27. Qe5 Qd8 28. Qf4 Ba4 29. Rb2 Bc6 30. Rb3 Qd6 31. Ne5 Bxg2 32. Kxg2 Ne7 33. Rbb1 Rxa3 34. Qg4 Ng6 35. Nf3 Rxd3 36. h4 Rb8 37. h5 Nf8 38. Nh4 Qc6+ 39. Kh2 Qf6 40. Nf5 Ne6 41. Re2 Rc3 42. Nd6 Rf8 43. Ne4 Qd8 44. Nxc3 dxc3 45. Rc2 Qf6 46. Rxb6 Rd8 47. Qe4 Qd4 48. Qe2 Qd3 49. Rb1 Qxe2 50. Rxe2 Nd4 51. Rd1 c2 52. Rxc2 Rb8 53. Rcd2 Rb4 54. Kg2 Rxc4 55. Re1 Kf8 56. Ra2 f5 57. Ra8+ Kf7 58. Ra7+ Kf6 59. f4 Rc2+ 60. Kf1 Nf3 61. Ra6+ Kf7 62. Ra7+ Kf6 63. Ra6+ Kf7 64. Ra7+ Kf6 1/2-1/2


[Site "https://www.chess.com"]

[Event "Titled Tuesday Blitz May 9 Early 2023"]
[White "electrosaw"]
[Black "Shaik Sumer Arsh"]
[BlackFideId "45020000"]
[WhiteElo "2435"]
[BlackElo "2350"]
[Result "1-0"]
[Round "05"]
[TimeControl "180+2"]
[Date "2023.05.09"]
[WhiteClock "0:01:36"]
[BlackClock "0:00:44"]

1. e4 e5 2. Nf3 Nc6 3. Bb5 a6 4. Bxc6 dxc6 5. O-O f6 6. d4 exd4 7. Nxd4 c5 8. Ne2 Be6 9. Nbc3 Qxd1 10. Rxd1 Bd6 11. Bf4 Bxf4 12. Nxf4 Bf7 13. Rd2 Rd8 14. Rxd8+ Kxd8 15. Rd1+ Kc8 16. f3 Ne7 17. Nfd5 Nxd5 18. Nxd5 Re8 19. Kf2 Be6 20. g4 c6 21. Nc3 b5 22. a3 Kc7 23. Ne2 Bf7 24. h4 a5 25. Ng3 g6 26. g5 fxg5 27. hxg5 a4 28. f4 b4 29. f5 Bg8 30. Kf3 gxf5 31. exf5 Bd5+ 32. Kf4 Kb6 33. f6 Kb5 34. Nf5 Re4+ 35. Kg3 Re2 36. Nd6+ Kb6 37. Rxd5 cxd5 38. f7 1-0


[Site "https://www.chess.com"]

[Event "Titled Tuesday Blitz May 9 Early 2023"]
[White "Bruedigam, Martin"]
[Black "Sai Han Thiha"]
[WhiteFideId "24608033"]
[BlackFideId "13012290"]
[WhiteElo "2331"]
[BlackElo "1954"]
[Result "1-0"]
[Round "05"]
[TimeControl "180+2"]
[Date "2023.05.09"]
[WhiteClock "0:01:37"]
[BlackClock "0:00:00"]

1. d4 Nf6 2. c4 e6 3. Nc3 Bb4 4. Bd2 O-O 5. Nf3 b6 6. e3 Bb7 7. Bd3 Bxc3 8. Bxc3 Ne4 9. Bxe4 Bxe4 10. d5 d6 11. Qd4 e5 12. Qxe4 f5 13. Qc2 a5 14. O-O-O Nd7 15. Nd2 a4 16. Kb1 Nc5 17. Bb4 Qd7 18. Ka1 Rfb8 19. Bxc5 bxc5 20. Nb1 a3 21. Nxa3 Rb4 22. Rd3 Rba4 23. Rb3 R4a7 24. f3 g6 25. Rb5 Qe7 26. h4 Qf6 27. Qb3 Kg7 28. Rb7 e4 29. Rxa7 Rxa7 30. f4 Kh6 31. Nb5 Rb7 32. Qd1 Rb6 33. g4 Kg7 34. h5 c6 35. hxg6 cxb5 36. gxh7 Kh8 37. g5 Qg7 38. Qb3 Qc7 39. a3 1-0


[Site "https://www.chess.com"]

[Event "Titled Tuesday Blitz May 9 Early 2023"]
[White "Da Silva, Lindolfo Luiz"]
[Black "Pajeken, Jakob Leon"]
[WhiteFideId "2106558"]
[BlackFideId "12942839"]
[WhiteElo "2423"]
[BlackElo "2405"]
[Result "1-0"]
[Round "05"]
[TimeControl "180+2"]
[Date "2023.05.09"]
[WhiteClock "0:00:17"]
[BlackClock "0:00:00"]

1. d4 d5 2. g3 c5 3. Bg2 cxd4 4. Nf3 h6 5. O-O Nf6 6. Nxd4 e5 7. Nf3 Nc6 8. c4 d4 9. e3 Be7 10. exd4 exd4 11. Bf4 O-O 12. Re1 Be6 13. Nbd2 Rc8 14. b3 Nd7 15. Ne4 Nc5 16. Ne5 Nxe5 17. Bxe5 d3 18. Nxc5 Rxc5 19. Bxb7 Rxe5 20. Rxe5 Bf6 21. Re3 Bxa1 22. Qxa1 d2 23. Bf3 Bf5 24. Qd1 Qd4 25. Re2 Rd8 26. Bd5 Rxd5 27. cxd5 Qxd5 28. Rxd2 Qc6 29. f3 g5 30. g4 Be6 31. h3 Kg7 32. Kg2 Qc5 33. Qa1+ f6 34. Qd4 Qa5 35. Re2 Bf7 36. Kf2 Qa3 37. Qb2 Qc5+ 38. Kg2 Qc6 39. Rc2 Qd5 40. Rd2 Qc6 41. Rd4 1-0


[Site "https://www.chess.com"]

[Event "Titled Tuesday Blitz May 9 Early 2023"]
[White "Sargissyan, Sargis"]
[Black "Nikologorskiy, Konstantin"]
[WhiteFideId "13303210"]
[BlackFideId "24111708"]
[WhiteElo "2109"]
[BlackElo "2273"]
[Result "0-1"]
[Round "05"]
[TimeControl "180+2"]
[Date "2023.05.09"]
[WhiteClock "0:00:00"]
[BlackClock "0:01:29"]

1. e4 c5 2. Nc3 d6 3. Nf3 Nf6 4. d4 cxd4 5. Nxd4 a6 6. f4 e5 7. Nf3 Nc6 8. fxe5 dxe5 9. Qxd8+ Kxd8 10. Bc4 Bg4 11. Bxf7 Bxf3 12. gxf3 Nd4 13. O-O Nxc2 14. Rb1 Bc5+ 15. Kg2 Ke7 16. Bb3 Ne3+ 17. Bxe3 Bxe3 18. Rbd1 Bd4 19. Rd2 Bxc3 20. bxc3 Rhd8 21. Rfd1 Rxd2+ 22. Rxd2 Nh5 23. Bd5 Nf4+ 24. Kf2 Rb8 25. Ke3 b5 26. c4 Rc8 27. cxb5 axb5 28. Bb3 Rc3+ 29. Kf2 Nd3+ 30. Kg3 Nf4 31. Kf2 Rc1 32. Kg3 Rg1+ 33. Kf2 Rh1 34. Kg3 g5 35. Rc2 Kd6 36. Rc8 Rg1+ 37. Kf2 Rg2+ 38. Kf1 Rxh2 39. Rb8 Kc5 40. Re8 Kd4 41. Rd8+ Ke3 0-1


[Site "https://www.chess.com"]

[Event "Titled Tuesday Blitz May 9 Early 2023"]
[White "Chan, Kim Yew"]
[Black "SashaKuzhilniy"]
[WhiteFideId "5717981"]
[WhiteElo "2206"]
[BlackElo "2575"]
[Result "0-1"]
[Round "05"]
[TimeControl "180+2"]
[Date "2023.05.09"]
[WhiteClock "0:00:00"]
[BlackClock "0:00:13"]

1. d4 Nf6 2. c4 e5 3. dxe5 Ng4 4. Nf3 Nc6 5. Bf4 Bb4+ 6. Nbd2 Qe7 7. e3 Ngxe5 8. Nxe5 Nxe5 9. a3 Bc5 10. b4 Bd4 11. Ra2 d6 12. Be2 Ng6 13. Bg3 Be5 14. Bxe5 dxe5 15. O-O a5 16. Rb2 axb4 17. axb4 O-O 18. c5 Rd8 19. Bc4 Be6 20. Qe2 h6 21. Nb3 b6 22. Rc1 Ra4 23. Bxe6 Qxe6 24. Qb5 Ra3 25. Nd2 Nh4 26. Qc4 Qe7 27. h3 Rad3 28. Ne4 Kh7 29. cxb6 cxb6 30. Ng3 f5 31. Rbc2 Qg5 32. Rc3 Rd2 33. R3c2 R2d3 34. Rc3 Rd1+ 35. Rxd1 Rxd1+ 36. Kh2 Qg6 37. Rc1 Rxc1 38. Qxc1 Qg5 39. Qc4 Ng6 40. Qe6 f4 41. exf4 exf4 42. Ne4 Qe5 43. Qxe5 Nxe5 44. Nd6 Nd3 45. Nb5 Nxb4 46. g3 Nd3 47. gxf4 Nxf2 48. Kg3 Ne4+ 49. Kf3 Nc5 50. Ke3 Kg6 51. Nd4 Kf6 52. Kf3 Ne6 53. Nb5 g6 54. Ke4 Ng7 0-1


[Site "https://www.chess.com"]

[Event "Titled Tuesday Blitz May 9 Early 2023"]
[White "Szyszylo, Rafal"]
[Black "Agibileg, Uurtsaikh"]
[WhiteFideId "1109626"]
[BlackFideId "4901606"]
[WhiteElo "1951"]
[BlackElo "2353"]
[Result "0-1"]
[Round "05"]
[TimeControl "180+2"]
[Date "2023.05.09"]
[WhiteClock "0:00:10"]
[BlackClock "0:00:33"]

1. e4 c5 2. Nf3 e6 3. d4 cxd4 4. Nxd4 Nc6 5. Nc3 Qc7 6. Be3 a6 7. Nxc6 bxc6 8. Bd3 d5 9. f4 Bb4 10. O-O Ne7 11. Qg4 O-O 12. f5 f6 13. fxe6 Qe5 14. Bf4 Qxe6 15. Qe2 Ng6 16. exd5 Qxe2 17. Nxe2 cxd5 18. Nd4 Bc5 19. c3 Re8 20. Bg3 Bd7 21. Rae1 Bxd4+ 22. cxd4 Bb5 23. Rxe8+ Rxe8 24. Bxb5 axb5 25. Rc1 Re2 26. Rc5 Rxb2 27. Rxd5 Ne7 28. Rd8+ Kf7 29. Rd7 Ke6 30. Rb7 Nd5 31. Rxg7 Rxa2 32. Rxh7 b4 33. Rb7 Kf5 34. Bf2 Ra1+ 35. Be1 Rxe1+ 36. Kf2 Rb1 37. h4 Kg4 38. Rb5 Nf4 39. g3 Rb2+ 40. Ke3 Kxg3 41. Ke4 Ne2 42. Kd5 Nc3+ 0-1


[Site "https://www.chess.com"]

[Event "Titled Tuesday Blitz May 9 Early 2023"]
[White "Janaszak, Dawid"]
[Black "Van Dael, Siem"]
[WhiteFideId "1119206"]
[BlackFideId "1049771"]
[WhiteElo "2220"]
[BlackElo "2336"]
[Result "1/2-1/2"]
[Round "05"]
[TimeControl "180+2"]
[Date "2023.05.09"]
[WhiteClock "0:00:15"]
[BlackClock "0:00:02"]

1. e4 e5 2. Nf3 Nc6 3. Bb5 a6 4. Ba4 Nf6 5. d3 b5 6. Bb3 Bc5 7. c3 O-O 8. O-O h6 9. a4 Rb8 10. Bc2 d6 11. h3 Bb6 12. axb5 axb5 13. Nbd2 b4 14. Nc4 bxc3 15. bxc3 Be6 16. Nxb6 Rxb6 17. d4 exd4 18. cxd4 Nb4 19. Bb1 Bc4 20. Re1 Re8 21. d5 c6 22. Be3 c5 23. Bf4 Nd7 24. Bg3 Qf6 25. Ra7 Bb5 26. Qd2 g5 27. Nh2 Ne5 28. Bxe5 Qxe5 29. Ng4 Qg7 30. Ne3 Qd4 31. Qc1 Nd3 32. Bxd3 Qxd3 33. Nf5 Rxe4 34. Nxh6+ Kf8 35. Rxf7+ Ke8 36. Rxe4+ Qxe4 37. Qxg5 Qe1+ 38. Kh2 Qe5+ 39. Qg3 Qxg3+ 40. Kxg3 c4 41. Rc7 Kd8 42. Ra7 c3 43. Ra3 c2 44. Rc3 Ba4 45. f3 Rb5 46. Nf5 Rc5 47. Rxc2 Rxc2 48. Nxd6 Bb3 49. Ne4 Bxd5 50. Nf6 Be6 51. Ne4 Ke7 52. h4 Bd5 53. Ng5 Ra2 54. Nh3 Bc4 55. Nf4 Bf1 56. Kh3 Kf7 57. Kg3 Rb2 58. Kh3 Rb4 59. Kg3 Rb3 60. Nh3 Rb2 61. Nf4 Bc4 62. Kg4 Kf6 63. g3 Ke5 64. Ng6+ Kd4 65. h5 Ke3 66. h6 Bg8 67. Nf8 Rb7 68. f4 Kf2 69. Ng6 Bh7 70. Ne5 Rb3 71. Kg5 Rxg3+ 72. Kf6 Ke3 73. Nf7 Kxf4 74. Nd6 Rg6+ 75. Ke7 Rxh6 76. Nf7 Ra6 77. Nd6 Bf5 78. Nb5 Ke5 79. Nc7 Ra7 80. Kd8 Kd6 81. Nb5+ Kc6 82. Nxa7+ 1/2-1/2


[Site "https://www.chess.com"]

[Event "Titled Tuesday Blitz May 9 Early 2023"]
[White "Golubev, Mikhail"]
[Black "MKlose11"]
[WhiteFideId "14100983"]
[WhiteElo "2374"]
[BlackElo "2565"]
[Result "0-1"]
[Round "05"]
[TimeControl "180+2"]
[Date "2023.05.09"]
[WhiteClock "0:00:00"]
[BlackClock "0:00:02"]

1. e4 e6 2. d4 d5 3. Nc3 Bb4 4. e5 Ne7 5. a3 Bxc3+ 6. bxc3 b6 7. Qg4 Ng6 8. h4 h5 9. Qg3 Ba6 10. Bg5 Qd7 11. Bxa6 Nxa6 12. Ne2 Nb8 13. Qf3 Ne7 14. Ng3 g6 15. O-O Nbc6 16. c4 O-O-O 17. cxd5 Qxd5 18. Ne4 Nxd4 19. Qxf7 Qxe4 20. Bxe7 Rd7 21. Rad1 Qf5 22. Qxf5 gxf5 23. Bf6 Rg8 24. c4 Rg4 25. Kh2 Nc6 26. Rxd7 Kxd7 27. Rd1+ Kc8 28. Rc1 Re4 29. f3 Re3 30. c5 Kb7 31. cxb6 axb6 32. Kg3 Re2 33. Rc3 Nd4 34. a4 c5 35. Bg5 Kc6 36. Bf4 Kd5 37. Ra3 Rb2 38. a5 bxa5 39. Bh6 Rb5 40. Kf4 c4 41. Kg5 Nb3 42. Kxh5 c3 43. Bg5 c2 44. Kg6 c1=Q 45. Bxc1 Nxc1 46. h5 Kc4 47. h6 Kb4 48. h7 Rb8 49. Ra1 Nb3 50. Rd1 a4 51. Rd7 a3 52. Rg7 a2 53. Rg8 Rxg8+ 54. hxg8=Q a1=Q 55. Qxe6 Qb2 56. Qd6+ Nc5 57. Qb6+ Ka4 58. Qa7+ Kb3 59. Qxc5 Ka2 60. Kf6 Kb1 0-1


[Site "https://www.chess.com"]

[Event "Titled Tuesday Blitz May 9 Early 2023"]
[White "Saya, Ethan"]
[Black "Rottenwohrer Suarez, Juan"]
[WhiteFideId "26095181"]
[BlackFideId "32068182"]
[WhiteElo "2164"]
[BlackElo "2174"]
[Result "0-1"]
[Round "05"]
[TimeControl "180+2"]
[Date "2023.05.09"]
[WhiteClock "0:00:17"]
[BlackClock "0:00:14"]

1. e4 c5 2. Nf3 g6 3. d4 cxd4 4. Qxd4 Nf6 5. e5 Nc6 6. Qf4 Nd5 7. Qe4 Nb6 8. Nc3 d5 9. exd6 Bf5 10. Qe2 Qxd6 11. Qd2 Qxd2+ 12. Bxd2 Bg7 13. O-O-O O-O 14. Bb5 Nb4 15. Ne1 Rac8 16. Nd3 Bxc3 17. bxc3 N4d5 18. Nf4 Nxc3 19. Bxc3 Rxc3 20. Bd3 Rfc8 21. Bxf5 gxf5 22. Rd2 Nc4 23. Re2 e6 24. Rd1 Ra3 25. Kb1 Rc7 26. Nh5 h6 27. Rd8+ Kh7 28. Nf6+ Kg6 29. Ne8 Rc6 30. Rd7 Rb6+ 31. Kc1 Rxa2 32. c3 Rxe2 33. Nd6 Rxd6 0-1


[Site "https://www.chess.com"]

[Event "Titled Tuesday Blitz May 9 Early 2023"]
[White "Gomes, Luiz Alexandre de Souza"]
[Black "Skliarov, Viktor"]
[WhiteFideId "2102790"]
[BlackFideId "14106736"]
[WhiteElo "2393"]
[BlackElo "2317"]
[Result "0-1"]
[Round "05"]
[TimeControl "180+2"]
[Date "2023.05.09"]
[WhiteClock "0:00:00"]
[BlackClock "0:00:15"]

1. e4 c5 2. Nf3 Nc6 3. Bb5 e6 4. O-O Nge7 5. c3 a6 6. Be2 d5 7. d3 g6 8. Qc2 Bg7 9. Nbd2 O-O 10. Re1 b5 11. Nf1 Qc7 12. Bg5 Bb7 13. Rad1 b4 14. Bh4 bxc3 15. bxc3 Qa5 16. Rc1 Rac8 17. Ne3 Ba8 18. Bf1 Rfe8 19. Ng4 c4 20. Nf6+ Bxf6 21. Bxf6 dxe4 22. dxe4 Qh5 23. Rcd1 Kf8 24. Bxc4 Ng8 25. e5 Nxf6 26. exf6 Na5 27. Bxa6 Bxf3 28. gxf3 Rc5 29. Qe4 Qg5+ 30. Kh1 Qxf6 31. Bf1 Kg7 32. c4 Rec8 33. Rd4 Rf5 34. Bg2 Nc6 35. Rd7 Re5 36. Qb1 Rxe1+ 37. Qxe1 Ne5 38. Rd4 Rxc4 39. Rxc4 Nxc4 40. Qe4 Qa1+ 0-1


[Site "https://www.chess.com"]

[Event "Titled Tuesday Blitz May 9 Early 2023"]
[White "Brunner, Nicolas"]
[Black "Gatterer, Florian"]
[WhiteFideId "620246"]
[BlackFideId "811688"]
[WhiteElo "2327"]
[BlackElo "2221"]
[Result "1/2-1/2"]
[Round "05"]
[TimeControl "180+2"]
[Date "2023.05.09"]
[WhiteClock "0:01:57"]
[BlackClock "0:01:35"]

1. Nf3 Nf6 2. g3 g6 3. Bg2 Bg7 4. O-O d5 5. d4 O-O 6. c4 c6 7. cxd5 cxd5 8. Nc3 Ne4 9. Ne5 Bf5 10. Qb3 Nc6 11. Nxc6 bxc6 12. Be3 Rb8 13. Qa3 Nxc3 14. Qxc3 Qb6 15. b4 Qxb4 16. Qxc6 e6 1/2-1/2


[Site "https://www.chess.com"]

[Event "Titled Tuesday Blitz May 9 Early 2023"]
[White "Vlassov, Nikolai"]
[Black "micke12a"]
[WhiteFideId "4103360"]
[WhiteElo "2324"]
[BlackElo "2381"]
[Result "1/2-1/2"]
[Round "05"]
[TimeControl "180+2"]
[Date "2023.05.09"]
[WhiteClock "0:00:15"]
[BlackClock "0:00:14"]

1. e4 c5 2. c3 e6 3. d4 cxd4 4. cxd4 d5 5. e5 Bb4+ 6. Nc3 Ne7 7. Qg4 O-O 8. Bd3 Nf5 9. Nf3 Nc6 10. O-O f6 11. exf6 Qxf6 12. Bg5 Qg6 13. h4 h5 14. Qh3 Qf7 15. Ne2 Bd7 16. Bxf5 Qxf5 17. Qxf5 Rxf5 18. Ng3 Rxf3 19. gxf3 Nxd4 20. Kg2 g6 21. Rad1 Nc6 22. Ne2 Rf8 23. Be3 Bd6 24. Rg1 Kg7 25. Nd4 e5 26. Nxc6 Bxc6 27. Bg5 d4 28. Rd3 Bc5 29. Re1 a5 30. Kg3 Bd6 31. Kg2 Bb5 32. Rb3 Bc6 33. a3 a4 34. Rd3 Bb5 35. Rd2 Bc6 36. Rd3 Bb5 37. Rd2 Bc6 38. Rd3 1/2-1/2


[Site "https://www.chess.com"]

[Event "Titled Tuesday Blitz May 9 Early 2023"]
[White "Omariev, Maksim"]
[Black "Frolyanov, Dmitry"]
[WhiteFideId "4193423"]
[BlackFideId "4151976"]
[WhiteElo "2379"]
[BlackElo "2395"]
[Result "0-1"]
[Round "05"]
[TimeControl "180+2"]
[Date "2023.05.09"]
[WhiteClock "0:00:04"]
[BlackClock "0:00:13"]

1. g4 g6 2. Bg2 Bg7 3. h4 d5 4. g5 c6 5. d4 Nd7 6. h5 gxh5 7. Nf3 e5 8. dxe5 Nxe5 9. Nbd2 Bg4 10. Nxe5 Bxe5 11. Nf3 Bg7 12. c3 Ne7 13. Be3 Nf5 14. Bf4 Qe7 15. Qa4 O-O 16. e3 b5 17. Qc2 b4 18. Kf1 bxc3 19. bxc3 Qc5 20. Rc1 Rfe8 21. Nh2 Qc4+ 22. Kg1 Qe2 23. Nxg4 Qxc2 24. Nf6+ Bxf6 25. Rxc2 Bg7 26. Rxh5 Ne7 27. c4 Ng6 28. cxd5 cxd5 29. Bxd5 Rad8 30. Bb3 Nxf4 31. exf4 Re4 32. f5 Rg4+ 33. Kh2 Be5+ 34. Kh3 Rg1 35. Re2 Rh1+ 36. Kg4 Rd4+ 37. Kf3 Rf4+ 38. Kg2 Rxh5 39. Rxe5 Rxg5+ 40. Kf1 Rgxf5 41. Re7 Rxf2+ 42. Kg1 R2f4 43. Rxa7 Rg5+ 44. Kh2 Rh4# 0-1


[Site "https://www.chess.com"]

[Event "Titled Tuesday Blitz May 9 Early 2023"]
[White "Sreyas Payyappat"]
[Black "Kirillov, Dmitry"]
[WhiteFideId "46674969"]
[BlackFideId "34180572"]
[WhiteElo "2043"]
[BlackElo "2161"]
[Result "1/2-1/2"]
[Round "05"]
[TimeControl "180+2"]
[Date "2023.05.09"]
[WhiteClock "0:00:12"]
[BlackClock "0:00:57"]

1. e4 c6 2. d4 d5 3. Nc3 dxe4 4. Nxe4 Nf6 5. Nxf6+ exf6 6. Bc4 Bd6 7. Qe2+ Qe7 8. Qxe7+ Kxe7 9. Ne2 Be6 10. Bd3 Nd7 11. O-O Rhe8 12. Bf4 g6 13. Rfe1 Rad8 14. c4 Nf8 15. d5 cxd5 16. cxd5 Bxd5 17. Nc3+ Be6 18. Nd5+ Kd7 19. Nxf6+ Kc8 20. Rac1+ Kb8 21. Bxd6+ Rxd6 22. Nxe8 Rxd3 23. Red1 Rxd1+ 24. Rxd1 Nd7 25. Ng7 Kc7 26. Nxe6+ fxe6 27. f4 Nb6 28. Kf2 Nd5 29. Kf3 Kd6 30. Ke4 a5 31. g4 b5 32. f5 gxf5+ 33. gxf5 exf5+ 34. Kxf5 Kc5 35. Ke5 Ne3 36. Rc1+ Nc4+ 37. Ke4 Kb4 38. b3 Nd2+ 39. Ke3 Nxb3 40. Rb1 a4 41. axb3 a3 42. Kd4 a2 43. Rg1 Kxb3 44. Kc5 b4 45. Rg3+ Kb2 46. Kxb4 a1=Q 47. Rg2+ Kb1 48. Rg1+ Kb2 49. Rxa1 Kxa1 50. h4 Kb2 51. h5 h6 52. Kc4 Kc2 53. Kd4 Kd2 54. Ke4 Kc3 55. Kf5 Kd4 56. Kg6 Ke5 57. Kxh6 Kf6 58. Kh7 Kf7 59. h6 Kf8 60. Kg6 Kg8 61. h7+ Kh8 62. Kh6 1/2-1/2


[Site "https://www.chess.com"]